[Event "ESTCC 50 2019"]
[Site "Mali Losinj"]
[Date "2019.09.21"]
[Round "4.13"]
[White "Ponce Navalon, Jose"]
[Black "Mikhalchishin, Adrian"]
[Result "1/2-1/2"]
[ECO "C68"]
[WhiteElo "2024"]
[BlackElo "2465"]
[Annotator "ChessBase"]
[PlyCount "82"]
[EventDate "2019.09.18"]
[EventType "team-tourn"]
[EventCountry "CRO"]
[SourceTitle "playchess.com"]
[Source "ChessBase"]
[SourceQuality "1"]
[WhiteTeam "Spain"]
[BlackTeam "Slovenia"]
[WhiteTeamCountry "ESP"]
[BlackTeamCountry "SLO"]
[TimeControl "40/5400+30:1800+30"]

1. e4 e5 2. Nf3 Nc6 3. Bb5 a6 4. Bxc6 dxc6 5. d4 exd4 6. Qxd4 Bg4 7. h3 Bxf3 8. Qxd8+ Rxd8 9. gxf3 Ne7 10. Be3 Ng6 11. Nd2 Be7 12. Rg1 O-O 13. f4 f5 14. e5 b6 15. Nf3 c5 16. Ke2 Rfe8 17. Rad1 Nf8 18. Rxd8 Rxd8 19. Rd1 Rxd1 20. Kxd1 Kf7 21. Ke2 Ne6 22. Kd3 h6 23. Ne1 Nd8 24. Nf3 Ne6 25. Ne1 Kg6 26. Ng2 Kh5 27. c3 g5 28. fxg5 hxg5 29. f3 c6 30. Bf2 Bd8 31. Bg3 b5 32. b3 Bc7 33. Bh2 Bb6 34. Bg3 Bc7 35. Bh2 Bb6 36. Bg3 Ba5 37. Be1 Bc7 38. Bg3 Ba5 39. Bf2 Bc7 40. Bg3 Bd8 41. Bf2 Bc7 1/2-1/2

[Event "ESTCC 50 2019"]
[Site "Mali Losinj"]
[Date "2019.09.21"]
[Round "4.14"]
[White "Mohr, Georg"]
[Black "Ruiz Bellon, Manuel"]
[Result "1-0"]
[ECO "A03"]
[WhiteElo "2445"]
[BlackElo "1973"]
[Annotator "NA"]
[PlyCount "61"]
[EventDate "2019.09.18"]
[EventType "team-tourn"]
[EventCountry "CRO"]
[SourceTitle "playchess.com"]
[Source "ChessBase"]
[SourceQuality "1"]
[WhiteTeam "Slovenia"]
[BlackTeam "Spain"]
[WhiteTeamCountry "SLO"]
[BlackTeamCountry "ESP"]
[TimeControl "40/5400+30:1800+30"]

1. g3 Nf6 2. Bg2 d5 3. f4 c6 4. Nf3 Qb6 5. e3 Bg4 6. b3 Nbd7 7. Bb2 h5 8. h3 Bxf3 9. Qxf3 h4 10. g4 Ne4 11. O-O e6 12. Re1 Rh7 13. d3 Ng3 14. Nd2 Bb4 15. Qf2 Qa5 16. Red1 Bc3 17. Bxc3 Qxc3 18. Nf3 O-O-O 19. Ng5 Nf8 20. Nxf7 Rd7 21. Ne5 Re7 22. Qd2 Qc5 23. d4 Qb6 24. Qd3 Rh6 25. c4 Rf6 26. g5 Rf5 27. Bf3 Rxe5 28. dxe5 dxc4 29. bxc4 Rd7 30. Qa3 Ng6 31. Rxd7 1-0

[Event "ESTCC 50 2019"]
[Site "Mali Losinj"]
[Date "2019.09.21"]
[Round "4.15"]
[White "Lopez de Turiso, Jose Angel"]
[Black "Mencinger, Vojko"]
[Result "0-1"]
[ECO "B06"]
[WhiteElo "1945"]
[BlackElo "2332"]
[Annotator "RC"]
[PlyCount "122"]
[EventDate "2019.09.18"]
[EventType "team-tourn"]
[EventCountry "CRO"]
[SourceTitle "playchess.com"]
[Source "ChessBase"]
[SourceQuality "1"]
[WhiteTeam "Spain"]
[BlackTeam "Slovenia"]
[WhiteTeamCountry "ESP"]
[BlackTeamCountry "SLO"]
[TimeControl "40/5400+30:1800+30"]

1. e4 g6 2. d4 Bg7 3. Nf3 d6 4. Bc4 c6 5. Nc3 Na6 6. Be3 Nc7 7. a4 d5 8. exd5 cxd5 9. Be2 Nh6 10. Qd2 Nf5 11. O-O O-O 12. Rfd1 Nxe3 13. Qxe3 Bf5 14. Bd3 Bg4 15. Be2 Rc8 16. h3 Bxf3 17. Bxf3 e6 18. a5 a6 19. Be2 Ne8 20. Bd3 Nd6 21. Ne2 Rc7 22. c3 Nc8 23. Ra4 Ne7 24. Rda1 Nc6 25. Nc1 Qd6 26. Nb3 f6 27. Rd1 Kh8 28. Rd2 Re8 29. Qf3 Rf7 30. Bc2 Bf8 31. Rd1 Qd8 32. Nc1 Nxa5 33. Ne2 Nc4 34. Ra2 Bh6 35. Nf4 Bxf4 36. Qxf4 Kg7 37. h4 Qd6 38. Qg4 f5 39. Qf3 Qd8 40. b3 Nd6 41. Qf4 Nb5 42. Rd3 Qc7 43. Qe3 Rc8 44. Bd1 Qd6 45. Rc2 Rfc7 46. h5 Qe7 47. Qe5+ Qf6 48. h6+ Kf7 49. Qg3 g5 50. Bh5+ Ke7 51. c4 dxc4 52. bxc4 Qxh6 53. Re2 Rxc4 54. Rxe6+ Kxe6 55. Qe5+ Kd7 56. Qxf5+ Kc7 57. Qf7+ Kb8 58. g3 R4c7 59. Qf3 Rc3 60. Bg4 Rxd3 61. Qxd3 Rc1+ 0-1

[Event "ESTCC 50 2019"]
[Site "Mali Losinj"]
[Date "2019.09.21"]
[Round "4.16"]
[White "Plesec, Damjan"]
[Black "Rodriguez Bernal, Herman"]
[Result "1-0"]
[ECO "E17"]
[WhiteElo "2216"]
[BlackElo "1735"]
[Annotator "NA"]
[PlyCount "97"]
[EventDate "2019.09.18"]
[EventType "team-tourn"]
[EventCountry "CRO"]
[SourceTitle "playchess.com"]
[Source "ChessBase"]
[SourceQuality "1"]
[WhiteTeam "Slovenia"]
[BlackTeam "Spain"]
[WhiteTeamCountry "SLO"]
[BlackTeamCountry "ESP"]
[TimeControl "40/5400+30:1800+30"]

1. Nf3 Nf6 2. d4 e6 3. g3 b6 4. Bg2 Bb7 5. O-O Be7 6. c4 O-O 7. a3 a5 8. b3 Ne4 9. Bb2 d5 10. Qc2 f5 11. Nc3 Nd7 12. Nxe4 fxe4 13. Nd2 Nf6 14. f3 e3 15. Nb1 c5 16. Rd1 Rc8 17. Bh3 Qd6 18. Qd3 Rc6 19. dxc5 bxc5 20. Qxe3 d4 21. Qd3 Nh5 22. Nd2 Rb6 23. Rab1 e5 24. Bc1 Bg5 25. Ne4 Bxe4 26. Qxe4 Bxc1 27. Rdxc1 Qc7 28. Qd5+ Kh8 29. Qd7 Qb8 30. Qe7 Rbf6 31. Bg4 R6f7 32. Qxc5 Nxg3 33. hxg3 e4 34. Kg2 Qd8 35. Qd5 exf3+ 36. exf3 Qf6 37. Re1 Re7 38. Rxe7 Qxe7 39. Qe4 Qxa3 40. Qxd4 Qe7 41. Rb2 Rd8 42. Qe4 Qxe4 43. fxe4 Rb8 44. Bd7 Rb7 45. Bc6 Rc7 46. Bd5 g6 47. e5 Kg7 48. Rf2 Re7 49. e6 1-0

[Event "ESTCC 50 2019"]
[Site "Mali Losinj"]
[Date "2019.09.21"]
[Round "4.17"]
[White "Lauritzen, Einar"]
[Black "Wallace, Paul"]
[Result "0-1"]
[ECO "E63"]
[WhiteElo "1990"]
[BlackElo "2153"]
[Annotator "ChessBase"]
[PlyCount "128"]
[EventDate "2019.09.18"]
[EventType "team-tourn"]
[EventCountry "CRO"]
[SourceTitle "playchess.com"]
[Source "ChessBase"]
[SourceQuality "1"]
[WhiteTeam "NOR"]
[BlackTeam "IRL"]
[WhiteTeamCountry "NOR"]
[BlackTeamCountry "AUS"]
[TimeControl "40/5400+30:1800+30"]

1. d4 Nf6 2. Nf3 g6 3. c4 Bg7 4. g3 O-O 5. Bg2 d6 6. Nc3 Nc6 7. O-O a6 8. e4 Bg4 9. h3 Bxf3 10. Bxf3 Nd7 11. Be3 e5 12. d5 Nd4 13. Bg2 c5 14. dxc6 bxc6 15. Qd2 Rb8 16. b3 Qa5 17. Na4 Qxd2 18. Bxd2 Nb6 19. Nxb6 Rxb6 20. Rab1 c5 21. Rfd1 Rfb8 22. Kh1 Bf8 23. h4 a5 24. Bxa5 Ra6 25. Bc3 Rxa2 26. Bxd4 exd4 27. Kg1 Rc2 28. Bf1 Rc3 29. Rd3 Rxc4 30. Rdd1 Rc2 31. Bd3 Ra2 32. Bc4 Be7 33. Bd5 Rb6 34. Ra1 Rba6 35. Rxa2 Rxa2 36. Kf1 Bd8 37. Kg2 Bb6 38. Bc4 Kf8 39. g4 h6 40. Rd3 f6 41. Rf3 Kg7 42. h5 Rb2 43. Kf1 Ba5 44. g5 hxg5 45. h6+ Kxh6 46. Rxf6 d3 47. Bxd3 Rxb3 48. Rxd6 Bc3 49. Rc6 Bd4 50. Be2 Rb1+ 51. Kg2 Re1 52. Bd3 Rd1 53. Be2 Rc1 54. Rc7 Rc2 55. Kf1 g4 56. Rc6 Kg5 57. Ke1 Bc3+ 58. Kf1 Rc1+ 59. Kg2 Bd4 60. e5 Bxe5 61. Bd3 Rc3 62. Bxg6 Bd4 63. Be4 Kf4 64. Bh7 Rf3 0-1

[Event "ESTCC 50 2019"]
[Site "Mali Losinj"]
[Date "2019.09.21"]
[Round "4.18"]
[White "Fox, Anthony"]
[Black "Olsen, Oystein Leif"]
[Result "1/2-1/2"]
[ECO "B24"]
[WhiteElo "2023"]
[BlackElo "1974"]
[Annotator "NA"]
[PlyCount "61"]
[EventDate "2019.09.18"]
[EventType "team-tourn"]
[EventCountry "CRO"]
[SourceTitle "playchess.com"]
[Source "ChessBase"]
[SourceQuality "1"]
[WhiteTeam "Ireland"]
[BlackTeam "Norway"]
[WhiteTeamCountry "IRL"]
[BlackTeamCountry "NOR"]
[TimeControl "40/5400+30:1800+30"]

1. e4 c5 2. Nc3 Nc6 3. g3 g6 4. Bg2 Bg7 5. Nge2 e6 6. O-O Nge7 7. d3 O-O 8. Rb1 d6 9. a3 Rb8 10. b4 b6 11. b5 Nd4 12. Nxd4 cxd4 13. Ne2 Qc7 14. Bb2 e5 15. c3 dxc3 16. Bxc3 Be6 17. Qd2 Rbc8 18. Rfc1 Qb8 19. Bb4 Rfd8 20. Rb2 Bf8 21. Rbc2 Rxc2 22. Rxc2 d5 23. exd5 Nxd5 24. Bxf8 Kxf8 25. Bh3 Bxh3 26. Qh6+ Kg8 27. Qxh3 Ne7 28. Rc3 Rd5 29. a4 Qd6 30. Qh4 Nf5 31. Qc4 1/2-1/2

[Event "ESTCC 50 2019"]
[Site "Mali Losinj"]
[Date "2019.09.21"]
[Round "4.19"]
[White "Andersen, Per O"]
[Black "Lyons, Brendan"]
[Result "1/2-1/2"]
[ECO "A06"]
[WhiteElo "1971"]
[BlackElo "1971"]
[Annotator "NA"]
[PlyCount "61"]
[EventDate "2019.09.18"]
[EventType "team-tourn"]
[EventCountry "CRO"]
[SourceTitle "playchess.com"]
[Source "ChessBase"]
[SourceQuality "1"]
[WhiteTeam "Norway"]
[BlackTeam "Ireland"]
[WhiteTeamCountry "NOR"]
[BlackTeamCountry "IRL"]
[TimeControl "40/5400+30:1800+30"]

1. Nf3 d5 2. e3 Bf5 3. c4 e6 4. Nc3 c6 5. Qb3 Qb6 6. Qxb6 axb6 7. cxd5 exd5 8. b3 b5 9. Nd4 Bg6 10. Nce2 Bd6 11. f4 Bd3 12. Ng3 Bxf1 13. Rxf1 Na6 14. Bb2 f6 15. Ngf5 Bf8 16. Ke2 Kf7 17. g4 Nc7 18. g5 g6 19. Ng3 Ba3 20. Bxa3 Rxa3 21. Nc2 Ra7 22. a4 bxa4 23. Rxa4 Rxa4 24. bxa4 Ne7 25. gxf6 Kxf6 26. Rb1 b5 27. axb5 Nxb5 28. Ra1 Rb8 29. Ra6 Nc7 30. Ra7 Nb5 31. Ra6 1/2-1/2

[Event "ESTCC 50 2019"]
[Site "Mali Losinj"]
[Date "2019.09.21"]
[Round "4.20"]
[White "Salter, David"]
[Black "Jenssen, Ove S"]
[Result "1-0"]
[ECO "D04"]
[WhiteElo "1882"]
[BlackElo "1827"]
[Annotator "NA"]
[PlyCount "120"]
[EventDate "2019.09.18"]
[EventType "team-tourn"]
[EventCountry "CRO"]
[SourceTitle "playchess.com"]
[Source "ChessBase"]
[SourceQuality "1"]
[WhiteTeam "Ireland"]
[BlackTeam "Norway"]
[WhiteTeamCountry "IRL"]
[BlackTeamCountry "NOR"]
[TimeControl "40/5400+30:1800+30"]

1. d4 Nf6 2. Nf3 d5 3. e3 Bg4 4. h3 Bh5 5. g4 Bg6 6. Ne5 e6 7. h4 h6 8. Nxg6 fxg6 9. Qd3 Nc6 10. Qxg6+ Kd7 11. Nc3 Ne7 12. Qd3 Nxg4 13. Bh3 h5 14. f3 Nf6 15. Qb5+ Kc8 16. Bxe6+ Kb8 17. Ne2 a6 18. Qd3 Qd6 19. Bh3 Nc6 20. Bd2 Nb4 21. Qb3 Nc6 22. O-O-O Ka7 23. Be1 Re8 24. Nf4 g6 25. Nxg6 Bh6 26. Nxh8 Rxe3 27. Kb1 Rxb3 28. axb3 Be3 29. Bc3 b5 30. Nf7 Qf4 31. Ne5 Kb7 32. Nd3 Qh6 33. Nc5+ Kb6 34. b4 Qf4 35. Bc8 Nxd4 36. Bxd4 Bxd4 37. Ne6 Qxf3 38. Nxd4 Qg3 39. c3 Ne4 40. Rdg1 Qd3+ 41. Ka1 Nd6 42. Rd1 Qe4 43. Be6 Nc4 44. Bf5 Qg2 45. Bc2 Ne3 46. Rc1 a5 47. bxa5+ Kxa5 48. Bb3 c5 49. Nc2 Ng4 50. Kb1 c4 51. Ba2 Qe4 52. Rhe1 Qg6 53. Ka1 Nf2 54. Rg1 Qe4 55. Bb1 Qxh4 56. Nb4 Ng4 57. Rce1 Kb6 58. Rgf1 Nf2 59. Nxd5+ Kc6 60. Nb4+ Kd6 1-0

[Event "ESTCC 50 2019"]
[Site "Mali Losinj"]
[Date "2019.09.21"]
[Round "4.21"]
[White "Burchardt, Brigitte"]
[Black "Jackson, Sheila"]
[Result "1/2-1/2"]
[ECO "C54"]
[WhiteElo "2092"]
[BlackElo "2046"]
[Annotator "NA"]
[PlyCount "55"]
[EventDate "2019.09.18"]
[EventType "team-tourn"]
[EventCountry "CRO"]
[SourceTitle "playchess.com"]
[Source "ChessBase"]
[SourceQuality "1"]
[WhiteTeam "Germany"]
[BlackTeam "England"]
[WhiteTeamCountry "GER"]
[BlackTeamCountry "ENG"]
[TimeControl "40/5400+30:1800+30"]

1. e4 e5 2. Bc4 Nf6 3. d3 Bc5 4. Nf3 d6 5. h3 Nc6 6. c3 Bb6 7. a4 a6 8. O-O h6 9. Re1 O-O 10. Nbd2 Be6 11. b4 Ba7 12. Bb2 Re8 13. b5 Bxc4 14. Nxc4 Nb8 15. Qc2 axb5 16. axb5 Nbd7 17. d4 exd4 18. cxd4 d5 19. exd5 Rxe1+ 20. Rxe1 Nxd5 21. Ne3 N7f6 22. Nxd5 Nxd5 23. Qc4 Bb6 24. Re5 Ne7 25. Qe2 Nd5 26. Qc4 Ne7 27. Qe2 Nd5 28. Qc4 1/2-1/2

[Event "ESTCC 50 2019"]
[Site "Mali Losinj"]
[Date "2019.09.21"]
[Round "4.22"]
[White "Mashayekh, Majid"]
[Black "Wagner-Michel, Annett"]
[Result "1/2-1/2"]
[ECO "D53"]
[WhiteElo "1875"]
[BlackElo "2055"]
[Annotator "NA"]
[PlyCount "66"]
[EventDate "2019.09.18"]
[EventType "team-tourn"]
[EventCountry "CRO"]
[SourceTitle "playchess.com"]
[Source "ChessBase"]
[SourceQuality "1"]
[WhiteTeam "England"]
[BlackTeam "Germany"]
[WhiteTeamCountry "ENG"]
[BlackTeamCountry "GER"]
[TimeControl "40/5400+30:1800+30"]

1. d4 d5 2. Nf3 Nf6 3. c4 e6 4. Nc3 Be7 5. Bg5 h6 6. Bh4 O-O 7. Qc2 Nc6 8. e3 a6 9. Ne5 Nxe5 10. dxe5 Ne4 11. Bxe7 Qxe7 12. Bd3 Nxc3 13. Qxc3 c5 14. O-O dxc4 15. Qxc4 Rb8 16. Rac1 b6 17. Be4 Bb7 18. Bxb7 Qxb7 19. Rfd1 Rfd8 20. f3 Rd5 21. Rxd5 exd5 22. Qd3 Rd8 23. f4 g6 24. e6 f5 25. g4 fxg4 26. Qxg6+ Qg7 27. Qh5 Kf8 28. Rd1 d4 29. e4 d3 30. e5 Ke7 31. Qh4+ Ke8 32. Qh5+ Ke7 33. Qh4+ Ke8 1/2-1/2

[Event "ESTCC 50 2019"]
[Site "Mali Losinj"]
[Date "2019.09.21"]
[Round "4.23"]
[White "Kierzek, Mira"]
[Black "Wood, Peter R"]
[Result "0-1"]
[ECO "D05"]
[WhiteElo "2015"]
[BlackElo "1884"]
[Annotator "NA"]
[PlyCount "138"]
[EventDate "2019.09.18"]
[EventType "team-tourn"]
[EventCountry "CRO"]
[SourceTitle "playchess.com"]
[Source "ChessBase"]
[SourceQuality "1"]
[WhiteTeam "Germany"]
[BlackTeam "England"]
[WhiteTeamCountry "GER"]
[BlackTeamCountry "ENG"]
[TimeControl "40/5400+30:1800+30"]

1. d4 Nf6 2. Nf3 e6 3. e3 c5 4. Bd3 d5 5. b3 Be7 6. O-O Nbd7 7. Bb2 b6 8. Nbd2 Bb7 9. Ne5 O-O 10. Rc1 Ne4 11. f3 Nxd2 12. Qxd2 cxd4 13. exd4 Nxe5 14. dxe5 Bc5+ 15. Kh1 Qe7 16. Rcd1 Rfd8 17. Qe2 a5 18. c3 Qh4 19. a3 Bc6 20. b4 Bf8 21. Qe3 Rab8 22. f4 g6 23. Be2 Qe7 24. Qf2 Bg7 25. Qe3 Ba4 26. Rc1 Bb3 27. c4 dxc4 28. Bxc4 Bxc4 29. Rxc4 Qd7 30. Rd4 Qb5 31. Rfd1 Rxd4 32. Qxd4 Bf8 33. Bc3 axb4 34. Bxb4 Qa4 35. h3 Qc6 36. Bd6 Rc8 37. Qb4 b5 38. Rb1 Qc4 39. Kh2 Bh6 40. Qxc4 bxc4 41. g3 c3 42. Kg2 c2 43. Rc1 g5 44. Kf3 gxf4 45. gxf4 Rc4 46. Ke2 Bxf4 47. Rg1+ Kh8 48. Be7 Bxe5 49. Bg5 Bb2 50. Bc1 Bxc1 51. Rxc1 Rc3 52. a4 Ra3 53. Rxc2 Rxa4 54. Rc3 Kg7 55. Kf2 f5 56. Kg3 Kg6 57. Rc8 e5 58. Re8 Ra3+ 59. Kg2 e4 60. Rg8+ Kh5 61. Rg7 h6 62. Rg8 Kh4 63. Rf8 Ra2+ 64. Kf1 Kg5 65. Rg8+ Kf4 66. Rh8 Kf3 67. Kg1 e3 68. Rb8 Ra1+ 69. Kh2 e2 0-1

[Event "ESTCC 50 2019"]
[Site "Mali Losinj"]
[Date "2019.09.21"]
[Round "4.24"]
[White "Denning, Julie L"]
[Black "Leib, Britta"]
[Result "0-1"]
[ECO "E76"]
[WhiteElo "1629"]
[BlackElo "1883"]
[Annotator "NA"]
[PlyCount "66"]
[EventDate "2019.09.18"]
[EventType "team-tourn"]
[EventCountry "CRO"]
[SourceTitle "playchess.com"]
[Source "ChessBase"]
[SourceQuality "1"]
[WhiteTeam "England"]
[BlackTeam "Germany"]
[WhiteTeamCountry "ENG"]
[BlackTeamCountry "GER"]
[TimeControl "40/5400+30:1800+30"]

1. d4 Nf6 2. c4 g6 3. Nc3 Bg7 4. e4 d6 5. f4 c5 6. dxc5 Qa5 7. Qa4+ Qxa4 8. Nxa4 Nxe4 9. Bd3 Nxc5 10. Nxc5 dxc5 11. Nf3 Nc6 12. Rb1 Nb4 13. Be2 Bf5 14. a3 Bxb1 15. axb4 cxb4 16. O-O Be4 17. Nd2 Bc6 18. b3 e6 19. Nf3 O-O 20. Be3 Bc3 21. Nd4 Be4 22. Rc1 Rfd8 23. Nb5 Bd2 24. Bxd2 Rxd2 25. Kf1 a6 26. Ke1 Rad8 27. Nc3 bxc3 28. Rxc3 Bxg2 29. Rg3 Bc6 30. Rc3 Rb2 31. Kf1 Rd4 32. Kf2 Rxf4+ 33. Ke3 Re4+ 0-1

[Event "ESTCC 50 2019"]
[Site "Mali Losinj"]
[Date "2019.09.22"]
[Round "5.5"]
[White "Mikhalchishin, Adrian"]
[Black "Kozul, Zdenko"]
[Result "1/2-1/2"]
[ECO "B57"]
[WhiteElo "2465"]
[BlackElo "2569"]
[Annotator "ChessBase"]
[PlyCount "49"]
[EventDate "2019.09.18"]
[EventType "team-tourn"]
[EventCountry "CRO"]
[SourceTitle "playchess.com"]
[Source "ChessBase"]
[SourceQuality "1"]
[WhiteTeam "Slovenia"]
[BlackTeam "Croatia"]
[WhiteTeamCountry "SLO"]
[BlackTeamCountry "CRO"]
[TimeControl "40/5400+30:1800+30"]

1. e4 c5 2. Nf3 Nc6 3. d4 cxd4 4. Nxd4 Nf6 5. Nc3 d6 6. Bc4 Qb6 7. Nxc6 bxc6 8. O-O g6 9. Qe1 Qc7 10. Bf4 Nd7 11. Qd2 Bg7 12. Bh6 O-O 13. Bxg7 Kxg7 14. Rad1 Rb8 15. b3 Nf6 16. h3 Bb7 17. Qe3 Rfd8 18. Qxa7 Ra8 19. Qe3 d5 20. exd5 cxd5 21. Nb5 Qc6 22. Nd4 Qc7 23. Nb5 Qc6 24. Nd4 Qc7 25. Nb5 1/2-1/2

[Event "ESTCC 50 2019"]
[Site "Mali Losinj"]
[Date "2019.09.22"]
[Round "5.7"]
[White "Mencinger, Vojko"]
[Black "Kurajica, Bojan"]
[Result "0-1"]
[ECO "B06"]
[WhiteElo "2332"]
[BlackElo "2493"]
[Annotator "ChessBase"]
[PlyCount "92"]
[EventDate "2019.09.18"]
[EventType "team-tourn"]
[EventCountry "CRO"]
[SourceTitle "playchess.com"]
[Source "ChessBase"]
[SourceQuality "1"]
[WhiteTeam "Slovenia"]
[BlackTeam "Croatia"]
[WhiteTeamCountry "SLO"]
[BlackTeamCountry "CRO"]
[TimeControl "40/5400+30:1800+30"]

1. e4 c5 2. c3 d5 3. exd5 Qxd5 4. d4 g6 5. Nf3 Bg7 6. Na3 cxd4 7. Bc4 Qe4+ 8. Be3 Nh6 9. cxd4 O-O 10. O-O Bg4 11. Ng5 Qxe3 12. fxe3 Bxd1 13. Raxd1 Nc6 14. Nc2 Rac8 15. Bd3 Rfd8 16. h3 e5 17. dxe5 Bxe5 18. b3 Kg7 19. Be4 Bf6 20. Nf3 Re8 21. Bd3 Ne5 22. Nxe5 Rxe5 23. Rf2 Rc3 24. g4 Bg5 25. Rf3 Ra5 26. Be4 Rxa2 27. Rd7 Rcxc2 28. Bxc2 Rxc2 29. Rxb7 Ra2 30. Rb5 Bd8 31. Rb7 Bb6 32. Kf1 g5 33. Rd7 Bc5 34. h4 gxh4 35. b4 Bxb4 36. g5 Ng4 37. Rfxf7+ Kg6 38. Rg7+ Kf5 39. Rdf7+ Ke6 40. Rxh7 Nxe3+ 41. Kg1 Bc5 42. Rf6+ Kd5 43. Rff7 h3 44. Rd7+ Ke6 45. g6 Rg2+ 46. Kh1 Ng4 0-1

[Event "ESTCC 50 2019"]
[Site "Mali Losinj"]
[Date "2019.09.22"]
[Round "5.8"]
[White "Fercec, Nenad"]
[Black "Plesec, Damjan"]
[Result "1-0"]
[ECO "C10"]
[WhiteElo "2439"]
[BlackElo "2216"]
[Annotator "NA"]
[PlyCount "61"]
[EventDate "2019.09.18"]
[EventType "team-tourn"]
[EventCountry "CRO"]
[SourceTitle "playchess.com"]
[Source "ChessBase"]
[SourceQuality "1"]
[WhiteTeam "Croatia"]
[BlackTeam "Slovenia"]
[WhiteTeamCountry "CRO"]
[BlackTeamCountry "SLO"]
[TimeControl "40/5400+30:1800+30"]

1. e4 e6 2. d4 d5 3. Nd2 dxe4 4. Nxe4 Bd7 5. Nf3 Bc6 6. Neg5 Nd7 7. Bc4 h6 8. Nxf7 Kxf7 9. d5 exd5 10. Bxd5+ Ke8 11. O-O Qf6 12. Re1+ Be7 13. Bxc6 bxc6 14. c3 Rd8 15. Nd4 Nb6 16. Qe2 Rxd4 17. cxd4 g6 18. Bd2 Kd7 19. Rac1 Nd5 20. b4 Bd8 21. b5 cxb5 22. Qxb5+ c6 23. Qb7+ Bc7 24. Ba5 Qd6 25. Bxc7 Qxc7 26. Qa8 Qc8 27. Qxa7+ Qc7 28. Qa8 Qc8 29. Qxc8+ Kxc8 30. Re8+ Kd7 31. Rb8 1-0

[Event "ESTCC 50 2019"]
[Site "Mali Losinj"]
[Date "2019.09.22"]
[Round "5.12"]
[White "Spacek, Petr"]
[Black "Ernst, Michael"]
[Result "1/2-1/2"]
[ECO "D36"]
[WhiteElo "2352"]
[BlackElo "2199"]
[Annotator "NA"]
[PlyCount "111"]
[EventDate "2019.09.18"]
[EventType "team-tourn"]
[EventCountry "CRO"]
[SourceTitle "playchess.com"]
[Source "ChessBase"]
[SourceQuality "1"]
[WhiteTeam "Czech Republic"]
[BlackTeam "Austria"]
[WhiteTeamCountry "CZE"]
[BlackTeamCountry "AUT"]
[TimeControl "40/5400+30:1800+30"]

1. c4 e6 2. Nf3 d5 3. d4 Nf6 4. cxd5 exd5 5. Nc3 c6 6. Qc2 g6 7. Bg5 Be7 8. e3 Bf5 9. Qb3 Qb6 10. Be2 Nbd7 11. Nd2 Qxb3 12. Nxb3 h6 13. Bh4 a5 14. a3 Ne4 15. Nxe4 Bxe4 16. Bxe7 Kxe7 17. O-O Rhe8 18. Rac1 Kd6 19. Rc3 g5 20. Nc5 Nxc5 21. dxc5+ Kc7 22. Bh5 Bg6 23. Bxg6 fxg6 24. f3 Re7 25. Rd1 Rae8 26. Kf2 Rf7 27. h3 b5 28. Rd4 Rfe7 29. Rdd3 Rf7 30. Rc2 Rfe7 31. Re2 Re5 32. Rd4 R8e7 33. b4 Re8 34. e4 axb4 35. axb4 dxe4 36. Rdxe4 Rxe4 37. fxe4 Ra8 38. e5 Ra4 39. e6 Kd8 40. e7+ Ke8 41. Re4 Ra2+ 42. Kg3 Ra3+ 43. Kh2 Ra4 44. Kg3 Ra3+ 45. Kg4 Rb3 46. g3 Rc3 47. Re6 Rc4+ 48. Kf3 Rxb4 49. Rxc6 Rb3+ 50. Kf2 Kxe7 51. Rxg6 Rc3 52. c6 b4 53. Rxh6 b3 54. c7 Rxc7 55. Rb6 Rc3 56. h4 1/2-1/2

[Event "ESTCC 50 2019"]
[Site "Mali Losinj"]
[Date "2019.09.22"]
[Round "5.13"]
[White "Wallace, Paul"]
[Black "Sulc, Damir"]
[Result "1-0"]
[ECO "B76"]
[WhiteElo "2153"]
[BlackElo "2207"]
[Annotator "NA"]
[PlyCount "55"]
[EventDate "2019.09.18"]
[EventType "team-tourn"]
[EventCountry "CRO"]
[SourceTitle "playchess.com"]
[Source "ChessBase"]
[SourceQuality "1"]
[WhiteTeam "IRL"]
[BlackTeam "CRO"]
[WhiteTeamCountry "AUS"]
[BlackTeamCountry "CRO"]
[TimeControl "40/5400+30:1800+30"]

1. e4 c5 2. Nc3 Nc6 3. Nf3 g6 4. d4 cxd4 5. Nxd4 Bg7 6. Be3 d6 7. Qd2 Nf6 8. f3 O-O 9. O-O-O d5 10. exd5 Nxd5 11. Nxc6 bxc6 12. Bd4 Bxd4 13. Qxd4 Qb6 14. Na4 Qc7 15. g3 Bf5 16. Bc4 Rfd8 17. Qc5 Nb6 18. Bb3 Be6 19. Bxe6 Nxa4 20. Bxf7+ Kg7 21. Qc4 Nxb2 22. Kxb2 Qe5+ 23. c3 Qe3 24. Be6 Rab8+ 25. Ka1 Qxf3 26. Bg4 Qf2 27. Qe2 Qf6 28. Qe3 1-0

[Event "ESTCC 50 2019"]
[Site "Mali Losinj"]
[Date "2019.09.22"]
[Round "5.14"]
[White "Dusper, Hrvoje"]
[Black "Fox, Anthony"]
[Result "1-0"]
[ECO "C92"]
[WhiteElo "2221"]
[BlackElo "2023"]
[Annotator "NA"]
[PlyCount "129"]
[EventDate "2019.09.18"]
[EventType "team-tourn"]
[EventCountry "CRO"]
[SourceTitle "playchess.com"]
[Source "ChessBase"]
[SourceQuality "1"]
[WhiteTeam "CRO"]
[BlackTeam "IRL"]
[WhiteTeamCountry "CRO"]
[BlackTeamCountry "IRL"]
[TimeControl "40/5400+30:1800+30"]

1. e4 e5 2. Nf3 Nc6 3. Bb5 a6 4. Ba4 Nf6 5. O-O Be7 6. Re1 b5 7. Bb3 d6 8. c3 O-O 9. h3 Bb7 10. d4 Re8 11. Nbd2 Bf8 12. Bc2 g6 13. d5 Nb8 14. b3 c6 15. c4 Nbd7 16. Nf1 h6 17. Ng3 b4 18. Rf1 a5 19. Ne1 cxd5 20. cxd5 Bg7 21. Be3 Ba6 22. Bd3 Nc5 23. Bxc5 dxc5 24. Bxa6 Rxa6 25. Nd3 Qd6 26. Nb2 Nd7 27. Nc4 Qe7 28. Qc2 h5 29. Rfe1 Rea8 30. Rad1 a4 31. Nf1 axb3 32. axb3 Ra2 33. Qd3 Qf6 34. Re2 Rxe2 35. Qxe2 Qa6 36. Qd3 Qf6 37. Qc2 Ra6 38. Qe2 Ra7 39. g3 Qa6 40. Qd3 Qf6 41. Kg2 Ra2 42. Rd2 Rxd2 43. Qxd2 Qa6 44. Qd3 Qa1 45. Nfe3 Qd4 46. Qxd4 exd4 47. Nd1 f5 48. f3 fxe4 49. fxe4 Kf7 50. Ndb2 Be5 51. Nd3 Kf6 52. Ncxe5 Nxe5 53. Nxc5 g5 54. Kf2 h4 55. gxh4 gxh4 56. Ke2 Nf7 57. Kd3 Ng5 58. Kxd4 Nxh3 59. e5+ Ke7 60. d6+ Ke8 61. e6 Ng5 62. Kd5 h3 63. Nb7 Nf7 64. d7+ Ke7 65. exf7 1-0

[Event "ESTCC 50 2019"]
[Site "Mali Losinj"]
[Date "2019.09.22"]
[Round "5.15"]
[White "Cafolla, Peter"]
[Black "Martic, Zlatko"]
[Result "0-1"]
[ECO "B12"]
[WhiteElo "1919"]
[BlackElo "2283"]
[Annotator "NA"]
[PlyCount "84"]
[EventDate "2019.09.18"]
[EventType "team-tourn"]
[EventCountry "CRO"]
[SourceTitle "playchess.com"]
[Source "ChessBase"]
[SourceQuality "1"]
[WhiteTeam "Ireland"]
[BlackTeam "Croatia"]
[WhiteTeamCountry "IRL"]
[BlackTeamCountry "CRO"]
[TimeControl "40/5400+30:1800+30"]

1. e4 c6 2. d4 d5 3. f3 Qb6 4. Nc3 e6 5. Nge2 a6 6. Qd3 Nf6 7. e5 Nfd7 8. b3 c5 9. f4 Nc6 10. Na4 Qc7 11. c3 cxd4 12. Nxd4 b5 13. Nb2 Nc5 14. Qe3 Ne4 15. Bd2 b4 16. Na4 bxc3 17. Bxc3 Nxc3 18. Nxc3 Qb6 19. O-O-O Bc5 20. Nce2 Bd7 21. Qd2 a5 22. h4 O-O 23. Rh3 Rfc8 24. Kb1 a4 25. Nxc6 Qxc6 26. Nc1 Bb4 27. Qb2 Bc3 28. Qc2 axb3 29. Nxb3 d4 30. Bd3 Qb6 31. Bxh7+ Kf8 32. Be4 Ra3 33. Rdd3 Ba4 34. Rxc3 Rxc3 35. Rxc3 dxc3 36. Qc1 Qb4 37. Bc2 Bxb3 38. Bxb3 Ra8 39. Qd1 Qxf4 40. Qd6+ Kg8 41. Qc6 Qf1+ 42. Kc2 Rd8 0-1